 Dungeon Sprint DCSS version 0.31.0-9-g3a7656b989 (webtiles) character file.

Game seed: 16441270390277567821

8250 Heoruswealwe the Phalangite (level 11, 0/115 HPs)
             Began as a Minotaur Fighter on Feb 1, 2024.
             Was an Initiate of Gozag.
             Slain by a catoblepas (13 damage)
             ... while petrified
             ... in the Dungeon (Sprint IX: "|||||||||||||||||||||||||||||").
             The game lasted 00:05:25 (1363 turns).

Heoruswealwe the Phalangite (Minotaur Fighter)      Turns: 1363, Time: 00:05:26

Health: 0/115      AC: 18    Str: 25    XL:     11   Next: 7%
Magic:  10/10      EV:  2    Int:  5    God:    Gozag
Gold:   3168       SH:  0    Dex: 10    Spells: 10/10 levels left

rFire   . . .        b - +2 halberd (venom)
rCold   . . .        (shield currently unavailable)
rNeg    + + +        c - +1 chain mail
rPois   ∞            (helmet restricted)
rElec   .            (no cloak)
rCorr   .            f - +0 pair of gloves
SInv    .            (no boots)
Will    .....        (no amulet) Stlth
                     k - +2 ring of protection
HPRegen 0.39/turn    (no ring)
MPRegen 0.12/turn

%: no teleportation
@: petrified, gold aura
A: horns 2, retaliatory headbutt
a: Renounce Religion, Potion Petition, Call Merchant, Bribe Branch


You were in the Dungeon.
You worshipped Gozag.
Gozag was most pleased with you.
You visited 1 branch You collected 3168 gold pieces.

Inventory:

Hand Weapons
 a - a +0 trident
 b - a +2 halberd of venom (weapon)
 A - the +9 sword of Zonguldrok {reap}
   (You found it in the Dungeon)
Armour
 c - a +1 chain mail (worn)
 d - a +0 buckler
 f - a +0 pair of gloves (worn)
Jewellery
 k - a +2 ring of protection (left hand)
Wands
 h - a wand of iceblast (10)
Scrolls
 j - 3 scrolls of blinking
 o - a scroll of fog
 p - a scroll of identify
Potions
 e - 5 potions of curing
 g - 2 potions of haste
 i - a potion of berserk rage
 l - 2 potions of heal wounds
 m - 2 potions of might
 n - 2 potions of resistance


   Skills:
 + Level 16.4 Fighting
 * Level 22.1 Polearms
 + Level 16.5 Armour
 - Level 3.6 Shields


You had 10 spell levels left.
You didn't know any spells.
Your spell library was empty.

Dungeon Overview and Level Annotations

Branches:
Dungeon (1/1)

Altars:
Cheibriados
Dithmenos
Elyvilon
Fedhas
Gozag
Hepliaklqana
Kikubaaqudgha
Makhleb
Nemelex Xobeh
Okawaru
Qazlal
Ru
Sif Muna
Trog
Uskayaw
Vehumet
Wu Jian
Xom
Yredelemnul
Zin
The Shining One
Jiyva
Lugonu


Innate Abilities, Weirdness & Mutations

You have a pair of horns on your head.
You reflexively headbutt those who attack you in melee.


Message History

The blast of calcifying dust hits you!
You are engulfed in calcifying dust.
The catoblepas gores you!!
* * * LOW HITPOINT WARNING * * *
You are engulfed in calcifying dust.
The catoblepas breathes a plume of calcifying dust at you.
The blast of calcifying dust hits you.
* * * LOW HITPOINT WARNING * * *
You are engulfed in calcifying dust.
The catoblepas breathes a plume of calcifying dust at you.
The blast of calcifying dust hits you but does no damage.
The catoblepas breathes a plume of calcifying dust at you.
The blast of calcifying dust hits the catoblepas.
The blast of calcifying dust hits you.
You turn to flesh and can move again.
You slash the catoblepas!
You kill the catoblepas!
You are engulfed in calcifying dust.
You are slowing down.
Your Polearms skill increases to level 22!
You have reached level 11!
There's a creature in the doorway!
You slash the catoblepas!
The catoblepas is poisoned.
The catoblepas is lightly wounded.
You are engulfed in calcifying dust.
Your limbs have turned to stone.
The catoblepas barely misses you. You furiously retaliate!
You headbutt the catoblepas.
You have turned to stone.
You are engulfed in calcifying dust.
The catoblepas gores you!
* * * LOW HITPOINT WARNING * * *
You are engulfed in calcifying dust.
The death yak is distracted by your dazzling golden aura.
The catoblepas gores you!
* * * LOW HITPOINT WARNING * * *
The death yak is no longer distracted by gold.
The death yak snorts and paws the ground.
The catoblepas gores you.
* * * LOW HITPOINT WARNING * * *
A yak comes into view.
The catoblepas gores you!!
You die...
Your body crumbles into a pile of gold.

▓.▓.▓_▓
▓.▓.▓_▓
▓.▓.▓_▓
▓.▓.▓_▓
▓.▓.▓_▓
▓.▓.▓_▓
▓.▓.▓_▓
▓.▓.▓_▓
▓@▓.▓_▓
▓Y▓.▓'▓
▓Y▓.▓!▓
▓Y▓.▓?▓
▓Y▓.▓)▓
▓Y▓.▓[▓
▓Y▓.▓=▓
▓Y▓.▓[▓
▓.▓.▓


You could see 4 death yaks, a catoblepas (very poisoned) and 2 yaks.

Vanquished Creatures
  A hydra (D)
  A catoblepas (D)
  Erolcha (D)
  A centaur warrior (D)
  A two-headed ogre (D)
  An elephant (D)
  4 cane toads (D)
  2 rime drakes (D)
  An unseen horror (D)
  2 komodo dragons (D)
  A troll (D)
  A hornet (shapeshifter) (D)
  6 yaks (D)
  3 wraiths (D)
  2 basilisks (D)
  3 water moccasins (D)
  An orc warrior (D)
  2 scorpions (D)
  An iguana (D)
  An adder (D)
  A dart slug (D)
  2 hobgoblins (D)
  A kobold (D)
  2 bats (D)
42 creatures vanquished.

Notes
Turn   | Place    | Note
-------+----------+-------------------------------------------
     0 | D        | Heoruswealwe the Minotaur Fighter began the quest for the
                  | Orb.
     0 | D        | Reached XP level 1. HP: 19/19 MP: 0/0
     7 | D        | Reached skill level 3 in Polearms
    29 | D        | Noticed a scorpion
    29 | D        | Noticed an iguana
    29 | D        | Noticed a scorpion
    32 | D        | Killed a scorpion
    33 | D        | Reached skill level 5 in Fighting
    33 | D        | Reached skill level 6 in Polearms
    33 | D        | Reached skill level 5 in Armour
    33 | D        | Reached XP level 2. HP: 15/30 MP: 1/1
    33 | D        | Reached XP level 3. HP: 18/37 MP: 2/2
    37 | D        | Reached skill level 7 in Polearms
    37 | D        | Reached XP level 4. HP: 22/44 MP: 3/3
    50 | D        | Reached skill level 8 in Polearms
    56 | D        | Killed a scorpion
    57 | D        | Reached skill level 9 in Polearms
    57 | D        | Reached XP level 5. HP: 5/52 MP: 4/4
    63 | D        | Found a snail-covered altar of Cheibriados.
    63 | D        | Found a shadowy altar of Dithmenos.
    63 | D        | Found a white marble altar of Elyvilon.
    63 | D        | Found a blossoming altar of Fedhas.
    63 | D        | Found an opulent altar of Gozag.
    64 | D        | Found a hazy altar of Hepliaklqana.
    65 | D        | Found a viscous altar of Jiyva.
    66 | D        | Found an ancient bone altar of Kikubaaqudgha.
    67 | D        | Found a corrupted altar of Lugonu.
    68 | D        | Found a burning altar of Makhleb.
    69 | D        | Found a sparkling altar of Nemelex Xobeh.
    70 | D        | Found an iron altar of Okawaru.
    71 | D        | Became a worshipper of Gozag Ym Sagoz the Greedy
    72 | D        | Found a stormy altar of Qazlal.
    73 | D        | Found a sacrificial altar of Ru.
    74 | D        | Found a shimmering blue altar of Sif Muna.
    75 | D        | Found a bloodstained altar of Trog.
    76 | D        | Found a hide-covered altar of Uskayaw.
    77 | D        | Found a radiant altar of Vehumet.
    78 | D        | Found an ornate altar of the Wu Jian Council.
    79 | D        | Found a shimmering altar of Xom.
    80 | D        | Found a basalt altar of Yredelemnul.
    81 | D        | Found a glowing silver altar of Zin.
    82 | D        | Found a glowing golden altar of the Shining One.
    90 | D        | Found the +9 sword of Zonguldrok {reap}
   224 | D        | Noticed a wraith
   224 | D        | Noticed an orc warrior
   224 | D        | Noticed a yak
   224 | D        | Noticed a two-headed ogre
   224 | D        | Noticed a yak
   228 | D        | Killed a wraith
   229 | D        | Reached skill level 11 in Polearms
   229 | D        | Reached XP level 6. HP: 49/62 MP: 5/5
   240 | D        | Killed an unseen horror
   241 | D        | Reached skill level 12 in Polearms
   241 | D        | Reached XP level 7. HP: 25/71 MP: 6/6
   245 | D        | Killed a yak
   246 | D        | Reached skill level 10 in Fighting
   246 | D        | Reached skill level 13 in Polearms
   246 | D        | Reached skill level 10 in Armour
   250 | D        | Killed a two-headed ogre
   251 | D        | Reached skill level 15 in Polearms
   251 | D        | Reached XP level 8. HP: 32/82 MP: 7/7
   263 | D        | Reached skill level 16 in Polearms
   442 | D        | Noticed a troll
   442 | D        | Noticed a black mamba
   442 | D        | Noticed a centaur warrior
   457 | D        | a black mamba changed into a hornet
   457 | D        | Noticed a hornet (shapeshifter)
   465 | D        | Killed a troll
   466 | D        | Reached skill level 17 in Polearms
   466 | D        | Reached XP level 9. HP: 76/92 MP: 8/8
   473 | D        | Killed a centaur warrior
   474 | D        | Reached skill level 18 in Polearms
   552 | D        | Noticed Erolcha
   563 | D        | Killed Erolcha
   759 | D        | Noticed a rime drake
   759 | D        | Noticed a rime drake
   762 | D        | Noticed a komodo dragon
   765 | D        | Reached skill level 19 in Polearms
   769 | D        | Noticed a cane toad
   776 | D        | Killed a rime drake
   777 | D        | Reached XP level 10. HP: 83/104 MP: 9/9
   787 | D        | Noticed a cane toad
   796 | D        | Reached skill level 15 in Fighting
   796 | D        | Reached skill level 20 in Polearms
   796 | D        | Reached skill level 15 in Armour
   799 | D        | Killed a cane toad
   801 | D        | Killed a cane toad
  1046 | D        | Noticed a cane toad
  1046 | D        | Noticed an elephant
  1046 | D        | Noticed a cane toad
  1047 | D        | Noticed a five-headed hydra
  1048 | D        | Killed a cane toad
  1062 | D        | Killed an elephant
  1063 | D        | Reached skill level 21 in Polearms
  1069 | D        | Killed an 11-headed hydra
  1077 | D        | Killed a cane toad
  1342 | D        | Noticed a catoblepas
  1342 | D        | Noticed a catoblepas
  1342 | D        | Noticed a death yak
  1342 | D        | Noticed a death yak
  1342 | D        | Noticed a death yak
  1350 | D        | Noticed a death yak
  1358 | D        | Killed a catoblepas
  1359 | D        | Reached skill level 22 in Polearms
  1359 | D        | Reached XP level 11. HP: 26/115 MP: 10/10
  1363 | D        | Slain by a catoblepas

Illustrated notes

Levels and vault maps discovered:
D:        linesprint [early_d, line_temple, items_1, d_10, items_2, lair_1,
          lair_end, items_3, orc_1, orc_end, items_4, d_15, swamp_1, shoals_1,
          snake_1, spider_1, d_20, vaults_1, items_5, swamp_end, shoals_end,
          snake_end, spider_end, vaults_end, d_27, items_6, zot_1, zot_end,
          crypt_end, forest_end, elf_end, slime_end, tomb_end, abyss_end,
          pan_hell_end]

Skill      XL: |  1  2  3  4  5  6  7  8  9 10 |
---------------+-------------------------------+-----
Polearms       | 6 7 9 11 12 15 17 19 22 | 22.1
Fighting       | 5 6 7 8 9 11 12 14 16 | 16.4
Armour         | 5 6 7 8 9 11 12 14 16 | 16.5
Shields        | |  3.6

Action                     |  1- 3 |  4- 6 |  7- 9 | 10-12 || total
---------------------------+-------+-------+-------+-------++-------
  Melee: Trident           |    19 |    20 |       |       ||    39
         Headbutt          |     2 |     7 |    10 |    21 ||    40
         Halberd           |       |    16 |    57 |    67 ||   140
    Use: Potion            |     1 |       |     1 |       ||     2
   Stab: Distracted        |       |       |     2 |       ||     2
 Armour: Scale mail        |    14 |    14 |       |       ||    28
         Chain mail        |       |    25 |    40 |    68 ||   133
  Dodge: Dodged            |     6 |     6 |    13 |    18 ||    43
  Block: Buckler           |     6 |     3 |       |       ||     9
